 Dungeon Crawl Stone Soup version 0.17.1-1-g73c8601 (webtiles) character file.

11978 Aviak the Nimble (level 11, 0/95 HPs)
             Began as a White Draconian Skald on Dec 30, 2015.
             Was an Elder of Okawaru.
             Succumbed to a spiny frog's poison
             ... on level 1 of the Lair of Beasts on Dec 31, 2015.
             The game lasted 00:34:19 (15649 turns).

Aviak the Nimble (White Draconian Skald)           Turns: 15649, Time: 00:34:19

Health: 0/95       AC:  7    Str: 15    XL:     11   Next: 56%
Magic:  19/19      EV: 17    Int: 13    God:    Okawaru [****..]
Gold:   575        SH:  0    Dex: 13    Spells: 3 memorised, 14 levels left

rFire  + . .     SeeInvis +     o - +0 glaive
rCold  + . .     Clarity  .     (armour unavailable)
rNeg   . . .     SustAt   .     (shield currently unavailable)
rPois  .         Gourm    .     (helmet restricted)
rElec  .         Spirit   .     (no cloak)
rCorr  .         Warding  .     (no gloves)
rMut   .         Stasis   .     (no boots)
MR     .....                    (no amulet)
Stlth  +.........               H - ring of protection from fire
                                i - ring of see invisible

@: lethally poisoned (0 -> -1), exhausted, short of breath, very slightly
contaminated, slowed, very slow, not resistant to hostile enchantments, very
unstealthy
A: breathe frost, unfitting armour, cold resistance 1, cold-blooded, AC +7
a: Breathe Frost, Heroism, Renounce Religion


You were on level 1 of the Lair of Beasts.
You worshipped Okawaru.
Okawaru was greatly pleased with you.
You were not hungry.

You visited 3 branches of the dungeon, and saw 12 of its levels.

You collected 575 gold pieces.

Inventory:

Hand Weapons
 o - a +0 glaive (weapon)
 G - the +5 falchion "Gurilaeg" {freeze, *Corrode Int+5}
   (You found it on level 7 of the Dungeon)

   It has been specially enchanted to freeze those struck by it, causing extra
   injury to most foes and up to half again as much damage against particularly
   susceptible opponents.
   It can also slow down cold-blooded creatures.
   It affects your intelligence (+5).
   It may corrode your equipment when you take damage.
Rods
 M - a +2 iron rod (9/9)
   (You found it on level 9 of the Dungeon)
Jewellery
 i - a ring of see invisible (left hand)
 v - an uncursed ring of positive energy
 H - a ring of protection from fire (right hand)
Wands
 j - a wand of frost (24)
 m - a wand of polymorph (13)
 t - a wand of slowing (27)
 u - a wand of digging (11)
 y - a wand of cold (5)
 I - a wand of polymorph (19)
Scrolls
 a - a scroll of blinking
 e - 15 scrolls of remove curse
 f - 3 scrolls of recharging
 g - 2 scrolls of identify
 k - a scroll of magic mapping
 q - a scroll of fog
 s - 2 scrolls of amnesia
 A - 2 scrolls of enchant weapon
 C - 2 scrolls of teleportation
 D - 2 scrolls of fear
 E - a scroll of summoning
 F - a scroll of silence
Potions
 h - a potion of agility
 n - a potion of cancellation
 p - 5 potions of lignification
 r - a potion of poison
 w - 2 potions of resistance
 z - a potion of berserk rage
 O - a potion of flight
Books
 b - a book of Battle

   Spells                             Type                      Level
   a - Infusion                       Charms                       1
   b - Shroud of Golubria             Charms/Translocation         2
   c - Song of Slaying                Charms                       2
   d - Spectral Weapon                Hexes/Charms                 3
   e - Regeneration                   Charms/Necromancy            3
 K - a book of Conjurations

   Spells                             Type                      Level
   a - Magic Dart                     Conjuration                  1
   b - Searing Ray                    Conjuration                  2
   c - Dazzling Spray                 Conjuration/Hexes            3
   d - Fulminant Prism                Conjuration/Hexes            4
   e - Iskenderun's Mystic Blast      Conjuration                  4
   f - Iskenderun's Battlesphere      Conjuration/Charms           5
 L - a book of the Dragon

   Spells                             Type                      Level
   a - Flame Tongue                   Conjuration/Fire             1
   b - Cause Fear                     Hexes                        4
   c - Bolt of Fire                   Conjuration/Fire             6
   d - Dragon Form                    Transmutation                7
   e - Dragon's Call                  Summoning                    9
Comestibles
 c - 8 bread rations
 d - a beef jerky
 l - 4 meat rations
 x - a royal jelly
 B - 12 fruits


   Skills:
 + Level 8.3 Fighting
 + Level 9.4 Polearms
 - Level 10.0 Dodging
 - Level 5.3 Spellcasting
 - Level 5.9 Hexes
 - Level 4.0 Charms
 - Level 2.5 Invocations


You had 14 spell levels left.
You knew the following spells:

 Your Spells              Type           Power        Failure   Level  Hunger
a - Infusion              Chrm           ##....       4%          1    None
b - Song of Slaying       Chrm           ##......     8%          2    ##.....
c - Spectral Weapon       Hex/Chrm       ###.....     10%         3    ###....


Dungeon Overview and Level Annotations

Branches:
Dungeon (10/15)            Temple (1/1) D:6            Lair (1/8) D:8
    Orc: D:9-12

Altars:
Ashenzari
Cheibriados
Dithmenos
Elyvilon
Fedhas
Gozag
Kikubaaqudgha
Makhleb
Nemelex Xobeh
Okawaru
Qazlal
Ru
Sif Muna
Trog
Vehumet
Xom
Yredelemnul
Zin
The Shining One

Shops:
D:6 [   D:8 (

Annotations:
D:3 Edmund
D:8 Prince Ribbit
D:10 Aviak's ghost, journeyman FoFi


Innate Abilities, Weirdness & Mutations

You can breathe waves of freezing cold.
You can buffet flying creatures when you breathe cold.
Your icy white scales are hard (AC +7).
Your body does not fit into most forms of armour.
Your flesh is cold resistant.
You are cold-blooded and may be slowed by cold attacks.


Message History

You feel sick.
* * * LOW HITPOINT WARNING * * *
You feel sick.
You are alive.
You are lethally poisoned (3 -> 0).
You are exhausted.
You are short of breath.
You are very lightly contaminated with residual magic.
You are slowed.
Your movement speed is very slow.
Your attack speed is quite slow.
You are not resistant to hostile enchantments.
You are very unstealthy.
There is a lethal amount of poison in your body!
* * * LOW HITPOINT WARNING * * *
You feel sick.
* * * LOW HITPOINT WARNING * * *
You feel sick.
* * * LOW HITPOINT WARNING * * *
You feel sick.
* * * LOW HITPOINT WARNING * * *
You feel sick.
You die...

#................................
#...(............................
#..................P######..###..
#...................# # #..###..
...................###.# #..##.#.
........................ ........
.####.........................)..
###P................ ......
##.#P##.##@#+.... ###.##
#.######.......# ## ..#
#......... ... ...##.#... ##.
...#. ....# #... . ... ## ## #...
. ... #.##P ..#. ⌠. .#. .....
.....


There were no monsters in sight!

Vanquished Creatures
  Erica (D:8)
  A manticore (D:9)
  A cyclops (D:9)
  A fire drake (D:8)
  5 spiny frogs (Lair:1)
  2 trolls (D:9)
  2 wyverns
  Sigmund (D:6)
  A spriggan (D:8)
  A basilisk (Lair:1)
  4 yaks
  A deep elf mage (D:9)
  2 steam dragons
  2 hippogriffs
  A hungry ghost (D:10)
  A mottled dragon (D:6)
  A porcupine (Lair:1)
  4 ice beasts
  5 sky beasts
  An eye of draining (D:9)
  3 black bears
  A necrophage (D:4)
  7 orc warriors
  5 centaurs
  3 phantoms
  2 crocodiles (Lair:1)
  9 ogres
  A brain worm (D:8)
  4 giant frogs
  4 big kobolds
  7 wights
  An electric eel (D:9)
  3 scorpions
  7 crimson imps
  7 hounds
  4 orc priests
  3 iguanas
  Ijyb (D:2)
  2 giant frog skeletons
  2 jellies
  2 centaur skeletons
  10 orc wizards
  Jessica (D:2)
  Terence (D:2)
  9 worker ants
  A killer bee zombie (D:6)
  A hound skeleton (D:7)
  A worker ant zombie (D:7)
  3 gnolls (D:5)
  6 adders
  2 shadow imps
  An ooze (D:2)
  2 worms
  6 giant geckos
  37 orcs
  6 bats
  9 giant cockroaches
  4 hobgoblins
  7 jackals
  22 kobolds
  4 quokkas
  A ball python (D:2)
  2 giant gecko zombies (D:6)
  5 giant newts
  5 goblins
  8 rats
270 creatures vanquished.

Vanquished Creatures (others)
  A fungus (Lair:1)
  7 spectral weapons
8 creatures vanquished.

Grand Total: 278 creatures vanquished

Notes
Turn   | Place    | Note
--------------------------------------------------------------
     0 | D:1      | Aviak the Draconian Skald began the quest for the Orb.
     0 | D:1      | Reached XP level 1. HP: 17/17 MP: 3/3
   474 | D:1      | Reached skill level 3 in Charms
   502 | D:1      | Reached XP level 2. HP: 22/24 MP: 5/5
   523 | D:1      | Learned a level 2 spell: Song of Slaying
   749 | D:2      | Noticed Ijyb
   773 | D:2      | Killed Ijyb
   773 | D:2      | Reached XP level 3. HP: 20/29 MP: 1/6
   983 | D:2      | Noticed Terence
   986 | D:2      | Noticed Jessica
  1018 | D:2      | Killed Terence
  1018 | D:2      | Reached XP level 4. HP: 29/36 MP: 3/7
  1034 | D:2      | Killed Jessica
  1034 | D:2      | Reached skill level 4 in Charms
  1954 | D:3      | Reached XP level 5. HP: 14/42 MP: 4/8
  2465 | D:3      | Found a sacrificial altar of Ru.
  2957 | D:4      | Noticed a necrophage
  2965 | D:4      | Killed a necrophage
  2965 | D:4      | Reached XP level 6. HP: 46/51 MP: 3/9
  3328 | D:4      | Noticed Edmund
  3898 | D:3      | Learned a level 3 spell: Spectral Weapon
  4423 | D:4      | Reached skill level 1 in Hexes
  4647 | D:5      | Entered Level 5 of the Dungeon
  4977 | D:5      | Your scales start taking on an icy white colour.
  4977 | D:5      | Gained mutation: Your flesh is cold resistant. [White Draconian growth]
  4977 | D:5      | Reached XP level 7. HP: 58/58 MP: 5/10
  5860 | D:6      | Found a basalt altar of Yredelemnul.
  5906 | D:6      | Reached skill level 5 in Hexes
  6191 | D:6      | Reached XP level 8. HP: 6/66 MP: 9/11
  6480 | D:6      | Found a staircase to the Ecumenical Temple.
  6488 | Temple   | Entered the Ecumenical Temple
  7117 | D:6      | Noticed Sigmund
  7884 | D:6      | Reached skill level 5 in Dodging
  7914 | D:6      | Killed Sigmund
  7917 | D:6      | Reached skill level 6 in Dodging
  8466 | D:6      | Found Nasodo's Armour Shop.
  8522 | D:6      | Reached skill level 5 in Polearms
  8613 | D:6      | Reached XP level 9. HP: 71/71 MP: 12/12
  8911 | D:7      | Got a crystal falchion
  8912 | D:7      | Identified the +5 falchion "Gurilaeg" {freeze, *Corrode Int+5} (You found it on level 7 of the Dungeon)
  8980 | D:7      | Reached skill level 7 in Polearms
  9155 | D:7      | Found a snail-covered altar of Cheibriados.
  9155 | D:7      | Found a glowing silver altar of Zin.
  9159 | D:7      | Found an iron altar of Okawaru.
  9183 | D:7      | Reached skill level 8 in Polearms
  9204 | D:7      | Became a worshipper of Warmaster Okawaru
  9788 | D:8      | Found a staircase to the Lair.
  9788 | D:8      | Noticed a fire drake
  9790 | D:8      | Noticed Erica
  9794 | D:8      | Killed a fire drake
  9812 | D:8      | Killed Erica
  9812 | D:8      | Reached * piety under Okawaru
  9812 | D:8      | Reached skill level 5 in Fighting
  9812 | D:8      | Reached XP level 10. HP: 30/81 MP: 10/15
 10209 | D:8      | Reached ** piety under Okawaru
 10600 | D:8      | Noticed Prince Ribbit
 10633 | D:8      | Found Vuojoydd's Weapon Shoppe.
 11006 | D:8      | Reached skill level 1 in Invocations
 11257 | D:8      | Found a bloodstained altar of Trog.
 11257 | D:8      | Found a sparkling altar of Nemelex Xobeh.
 11260 | D:8      | Found an ancient bone altar of Kikubaaqudgha.
 11320 | D:8      | Reached skill level 5 in Spellcasting
 12016 | D:8      | Found a deep blue altar of Sif Muna.
 12540 | D:9      | Reached *** piety under Okawaru
 12604 | D:9      | Noticed a manticore
 12612 | D:9      | Killed a manticore
 12965 | D:9      | Reached XP level 11. HP: 88/92 MP: 19/19
 13166 | D:9      | Reached **** piety under Okawaru
 13262 | D:9      | Noticed a cyclops
 13272 | D:9      | Killed a cyclops
 13272 | D:9      | Reached skill level 9 in Dodging
 13982 | D:10     | Entered Level 10 of the Dungeon
 14054 | D:10     | Noticed Aviak's ghost (journeyman FoFi)
 14077 | D:10     | HP: 2/92 [Aviak's ghost (24)]
 14596 | D:10     | Reached skill level 10 in Dodging
 14968 | Lair:1   | Entered Level 1 of the Lair of Beasts
 15638 | Lair:1   | HP: 7/142 [poisoned by a spiny frog]
 15641 | Lair:1   | HP: 3/95 [poisoned by a spiny frog]
 15646 | Lair:1   | HP: 1/95 [poisoned by a spiny frog]
 15649 | Lair:1   | Succumbed to a spiny frog's poison

Action                   |  1- 3 |  4- 6 |  7- 9 | 10-12 || total
-------------------------+-------+-------+-------+-------++-------
Melee: Spear             |    99 |   155 |       |       ||   254
       Trident           |       |   139 |   245 |       ||   384
       Scythe            |       |       |    30 |       ||    30
       Glaive            |       |       |   118 |   379 ||   497
 Cast: Infusion          |     3 |    19 |    10 |     2 ||    34
       Song of Slaying   |       |     1 |       |     1 ||     2
       Spectral Weapon   |       |       |    15 |    46 ||    61
Invok: Heroism           |       |       |       |     1 ||     1
 Abil: Breathe Frost     |       |       |    22 |     8 ||    30
Evoke: Wand              |       |     1 |       |     1 ||     2
  Use: Potion            |       |     4 |     7 |     6 ||    17
       Scroll            |       |     2 |       |    16 ||    18
 Stab: Sleeping          |       |     3 |     1 |     1 ||     5
       Distracted        |       |       |       |     2 ||     2
  Eat: Chunk             |       |    13 |    15 |    20 ||    48
       Meat ration       |       |       |     1 |     1 ||     2
       Beef jerky        |       |       |     1 |     2 ||     3
